 Dungeon Crawl Stone Soup version 0.24.1 (webtiles) character file.

Game seed: 1243991243222905914, levelgen mode: deterministic

121 lepoulpe303 the Sneak (level 5, -2/36 HPs)
             Began as an Octopode Assassin on Apr 5, 2020.
             Killed from afar by an orc wizard (10 damage)
             ... with a puff of frost
             ... on level 3 of the Dungeon.
             The game lasted 00:05:50 (2153 turns).

lepoulpe303 the Sneak (Octopode Assassin)           Turns: 2153, Time: 00:05:51

Health: -2/36      AC:  2    Str: 11    XL:     5   Next: 5%
Magic:  5/5        EV: 13    Int: 14    God:
Gold:   164        SH:  0    Dex: 13    Spells: 4/4 levels left

rFire    . . .     SeeInvis .   a - +1 dagger (venom)
rCold    . . .     Gourm    .   (no shield)
rNeg     . . .     Faith    .   h - +1 hat
rPois    .         Spirit   .   (no amulet)
rElec    .         Reflect  .   (no ring)
rCorr    .         Harm     .   (no ring)
MR       .....                  (no ring)
Stlth    ++++......             (no ring)
HPRegen  0.12/turn              (no ring)
MPRegen  0.09/turn              (no ring)
                                (no ring)
                                (no ring)

@: no status effects
A: almost no armour, stealthy swim, amphibious, 8 rings, constrict 8, camouflage
1, gelatinous body 1
a: no special abilities


You were on level 3 of the Dungeon.
You were not hungry.

You visited 1 branch of the dungeon, and saw 3 of its levels.

You collected 164 gold pieces.

Inventory:

Hand Weapons
 a - a +1 dagger of venom (weapon)
 r - a +2 dagger
Missiles
 b - 22 poisoned darts (quivered)
 c - 2 curare-tipped darts
 q - 2 boomerangs
Armour
 h - a +1 hat (worn)
Jewellery
 i - an uncursed amulet of the gourmand {unknown}
Scrolls
 d - a scroll of fog {unknown}
 g - 2 scrolls of identify {unknown}
 j - a scroll of enchant weapon {unknown}
 k - a scroll of remove curse {unknown}
 l - a scroll of enchant armour {unknown}
 n - a scroll of random uselessness {unknown}
Potions
 m - a potion of haste {unknown}
 o - 2 potions of curing {unknown}
 p - a potion of brilliance {unknown}
 s - a potion of flight {unknown}
Comestibles
 e - 4 rations
 f - 10 chunks of flesh


   Skills:
 + Level 2.8 Fighting
 + Level 2.9 Short Blades
 + Level 2.8 Throwing
 + Level 2.1 Dodging
 + Level 6.1 Stealth


You had 4 spell levels left.
You didn't know any spells.
Your spell library was empty.

Dungeon Overview and Level Annotations

Branches:
Dungeon (3/15)

Altars:


Innate Abilities, Weirdness & Mutations

You cannot wear most types of armour.
You are very stealthy in the water. (Stealth+)
You are amphibious.
You can wear up to eight rings at the same time.
You can use your tentacles to constrict eight enemies at once.
Your skin changes colour to match your surroundings (Stealth+).
Your rubbery body absorbs attacks. (AC +1, EV +1)


Message History

You take 10 damage, and have 10/36 hp.
MASSIVE DAMAGE!!
Really walk into that dispersal trap?
You enter a dispersal trap!
You blink.
Something hits you.
* * * LOW HITPOINT WARNING * * *
Something burns you.
* * * LOW HITPOINT WARNING * * *
You take 2 damage, and have 9/36 hp.
Something hits you.
* * * LOW HITPOINT WARNING * * *
Something burns you.
* * * LOW HITPOINT WARNING * * *
You take 1 damage, and have 8/36 hp.
Something hits you but does no damage.
You hear some strange, mumbled words.
A puff of frost appears from out of thin air!
The puff of frost hits you!
You die...

##...........?####.#
#...o.).o.....#
#(............#
#.............#
#####.###.........###
#...#.###....^......#
#.......#.......###.#
#...#.#.#####...#
##.##.#@# ###.#
#.##.#...........
#.##.##########..
#.##.# ..# #.##.# ..#
#.##.# ... #.# ....#
#.# ....# #.# #.#.#


There were no monsters in sight!

Levels and vault maps discovered:
D:1:      dpeg_arrival_fog, layout_rooms, serial_glass, glass_columns_b,
          glass_columns_b
D:2:      minmay_angry_zag, layout_basic
D:3:      layout_loops_ring, first_ration, uniq_terence

Notes
Turn   | Place    | Note
-------+----------+-------------------------------------------
     0 | D:1      | lepoulpe303 the Octopode Assassin began the quest for the
                  | Orb.
     0 | D:1      | Reached XP level 1. HP: 14/14 MP: 1/1
    38 | D:1      | Identified a cursed -2 whip
    49 | D:1      | HP: 3/14 [frilled lizard (2)]
    57 | D:1      | HP: 3/14 [giant cockroach (1)]
    73 | D:1      | Reached XP level 2. HP: 5/19 MP: 2/2
   305 | D:1      | Identified a +0 club
   364 | D:1      | Identified a +0 dagger
   365 | D:1      | Identified a +0 dagger
   390 | D:1      | Reached XP level 3. HP: 21/24 MP: 3/3
   403 | D:1      | Identified a +1 hat (You found it on level 1 of the
                  | Dungeon)
   477 | D:1      | Identified a +0 club
   578 | D:1      | Identified a +0 dagger
   618 | D:1      | Identified a +0 club
   857 | D:2      | Identified a +0 club
   973 | D:2      | Reached XP level 4. HP: 30/30 MP: 4/4
  1067 | D:2      | Identified a +0 dagger
  1089 | D:2      | Identified a +0 dagger
  1216 | D:2      | Identified a +0 whip
  1298 | D:2      | Reached skill level 2 in Dodging
  1760 | D:2      | Identified a +0 club
  1770 | D:2      | Reached skill level 6 in Stealth
  1937 | D:3      | Identified a +0 club
  1948 | D:3      | Identified a +0 short sword
  1948 | D:3      | Identified a +0 ring mail
  2029 | D:3      | Identified a +1 dagger of venom
  2036 | D:3      | Reached XP level 5. HP: 27/35 MP: 5/5
  2071 | D:3      | Identified a +0 club
  2082 | D:3      | Identified a +0 short sword
  2108 | D:3      | Identified a +0 hand axe
  2108 | D:3      | Identified a +0 scale mail
  2120 | D:3      | Identified a +0 flail
  2120 | D:3      | Identified a +0 chain mail
  2125 | D:3      | Identified a +0 chain mail
  2126 | D:3      | Identified a +0 dagger of flaming
  2126 | D:3      | Identified a +0 robe
  2138 | D:3      | Identified a +0 flail
  2138 | D:3      | Identified a +0 ring mail
  2147 | D:3      | HP: 9/36 [something (1)]
  2153 | D:3      | Killed from afar by an orc wizard

Table legend:
 A = Turns spent in this place as a percentage of turns spent in the entire game.
 B = Non-inter-level travel turns spent in this place as a percentage of non-inter-level travel turns spent in the entire game.
 C = Inter-level travel turns spent in this place as a percentage of turns spent in this place.
 D = Turns resting spent in this place as a percentage of non-inter-level travel turns spent in this place.
 E = Turns spent auto-exploring this place as a percentage of non-inter-level travel turns spent in this place.
 F = Non-inter-level travel turns spent in this place divided by the number of levels of this place that you've seen.
                   A       B       C       D       E      F
               +-------+-------+-------+-------+-------+----------------------
         Total | 100.0 | 100.0 |   2.0 |  10.7 |  67.0 | 703.7
       Dungeon | 100.0 | 100.0 |   2.0 |  10.7 |  67.0 | 703.7
               +-------+-------+-------+-------+-------+----------------------

Table legend:
 A = Kills in this place as a percentage of kills in entire the game.
 B = Kills by you in this place as a percentage of kills by you in the entire game.
 C = Kills by friends in this place as a percentage of kills by friends in the entire game.
 D = Other kills in this place as a percentage of other kills in the entire game.
 E = Experience gained in this place as a percentage of experience gained in the entire game.
 F = Experience gained in this place divided by the number of levels of this place that you have seen.
                   A       B       C       D       E      F
               +-------+-------+-------+-------+-------+----------------------
         Total | 100.0 | 100.0 |   N/A |   N/A | 100.0 |  57.7
       Dungeon | 100.0 | 100.0 |   N/A |   N/A | 100.0 |  57.7
               +-------+-------+-------+-------+-------+----------------------

Skill      XL: |  1  2  3  4 |
---------------+-------------+-----
Dodging        | 2 |  2.1
Stealth        | 6 |  6.1
Fighting       | |  2.8
Short Blades   | |  2.9
Throwing       | |  2.8

Action                   |  1- 3 |  4- 6 || total
-------------------------+-------+-------++-------
Melee: Dagger            |    64 |    53 ||   117
       Constrict         |    16 |    10 ||    26
       Tentacles         |    10 |    12 ||    22
Throw: Dart              |       |     4 ||     4
 Stab: Sleeping          |     7 |    15 ||    22
       Distracted        |     1 |       ||     1
  Eat: Ration            |       |     1 ||     1
       Chunk             |       |     1 ||     1
Armor: Skin              |    10 |     9 ||    19
Dodge: Dodged            |    53 |    36 ||    89

Vanquished Creatures
  5 adders
  2 oozes (D:2)
  A worm (D:2)
  A dart slug (D:1)
  2 leopard geckos
  2 orcs (D:3)
  4 giant cockroaches
  10 goblins
  6 hobgoblins
  6 jackals
  A quokka (D:3)
  3 bats
  7 frilled lizards
  5 kobolds
  3 rats
58 creatures vanquished.
